 Dungeon Crawl Stone Soup version 0.32-a0-314-g526f7d4993 (webtiles) character file.

Game seed: 17465429800092360755

58894 croobank the Black Sun (level 14, -13/77 HPs)
             Began as a Felid Summoner on Feb 14, 2024.
             Was a High Priest of Kikubaaqudgha.
             Mangled by a death yak (54 damage)
             ... on level 5 of the Lair of Beasts on Feb 15, 2024.
             The game lasted 01:51:36 (22585 turns).

croobank the Black Sun (Felid Summoner)            Turns: 22585, Time: 01:51:36

Health: -13/77     AC:  3    Str:  4    XL:     14   Next: 51%
Magic:  20/29      EV:  4    Int: 30    God:    Kikubaaqudgha [*****.]
Gold:   1374       SH:  0    Dex: 23    Spells: 10/33 levels left
                                        Lives:  0   Deaths: 5

rFire   . . .        (weapon unavailable)
rCold   + . .        (shield unavailable)
rNeg    . . .        (body armour unavailable)
rPois   .            (helmet unavailable)
rElec   .            (cloak unavailable)
rCorr   .            (gloves unavailable)
SInv    +            (boots unavailable)
Will    +++..        E - amulet "Lousas" {Reflect Will+ SH+5}
Stlth   +++++        I - +6 ring of intelligence
HPRegen 0.32/turn    x - +6 ring of dexterity
MPRegen 0.21/turn

%: reflection
@: sleeping
A: very small, claws 1, fangs 3, see invisible, shaggy fur 3, stealthy paws, no
weapons or thrown items, no armour, multi-lived
a: Renounce Religion, Unearth Wretches, Torment


You were on level 5 of the Lair of Beasts.
You worshipped Kikubaaqudgha.
Kikubaaqudgha was extremely pleased with you.
You visited 3 branches of the dungeon, and saw 18 of its levels.
You also visited: Ossuary.

You collected 1914 gold pieces.
You spent 540 gold pieces at shops.

Inventory:

Jewellery
 b - the ring "Heysuacw" {rF++ rC+ Str+2 Int-5}
   (You took it off a kobold brigand on level 7 of the Dungeon)

   [ring of protection from cold]

   Str+2:     It affects your strength (+2).
   Int-5:     It affects your intelligence (-5).
   rF++:      It greatly protects you from fire.
   rC+:       It protects you from cold.
 h - a ring of willpower
 l - an amulet of regeneration
 p - a ring of willpower
 t - an amulet of magic regeneration
 x - a +6 ring of dexterity (right paw)
 C - the amulet "Cemuink" {Faith rPois rN+ Str+3}
   (You found it on level 7 of the Dungeon)

   [amulet of faith]

   Faith:     It allows you to gain divine favour quickly.
   Str+3:     It affects your strength (+3).
   rPois:     It protects you from poison rN+: It protects you from negative
   energy.
 D - the amulet "Xiluem" {Spirit rC+ rCorr}
   (You found it on level 7 of the Dungeon)

   [amulet of guardian spirit]

   Spirit:    It causes incoming damage to be divided between your reserves of
   health and magic.
   rC+:       It protects you from cold.
   rCorr:     It protects you from acid and corrosion.
 E - the amulet "Lousas" (around neck) {Reflect Will+ SH+5}
   (You found it on level 7 of the Dungeon)

   [amulet of reflection]

   Reflect:   It reflects blocked missile attacks.
   Will+:     It increases your willpower.
   SH+5:      It affects your SH (+5).
 G - a ring of protection from cold
 I - a +6 ring of intelligence (left paw)
 L - a +6 ring of intelligence
 N - a +6 ring of strength
Talismans
 k - a beast talisman
Wands
 q - a wand of acid (14)
 F - a wand of paralysis (12)
 O - a wand of flame (5)
 Q - a wand of polymorph (4)
 R - a wand of mindburst (11)
Scrolls
 f - a scroll of poison
 i - a scroll of noise
 H - a scroll of amnesia
 S - a scroll of identify
Potions
 a - 4 potions of magic
 c - 2 potions of brilliance
 g - 6 potions of heal wounds
 n - 7 potions of attraction
 r - 4 potions of mutation
 s - 3 potions of berserk rage
 u - 4 potions of curing
 w - 2 potions of lignification
 z - 2 potions of haste
 A - 4 potions of ambrosia
 P - 2 potions of resistance


   Skills:
 - Level 10.0 Fighting
 - Level 10.0 Dodging
 - Level 10.0 Stealth
 - Level 10.0 Spellcasting
 - Level 5.0 Hexes
 - Level 10.0 Summonings
 + Level 13.3 Necromancy
 - Level 5.0 Translocations
 - Level 5.4 Fire Magic
 - Level 7.0 Air Magic


You had 10 spell levels left.
You knew the following spells:

 Your Spells              Type           Power      Damage    Failure   Level
b - Call Imp              Summ           100%       N/A       1%          2
c - Call Canine Familiar  Summ           66%        N/A       1%          3
d - Summon Blazeheart Go  Fire/Summ      57%        N/A       1%          4
e - Summon Lightning Spi  Summ/Air       60%        N/A       1%          4
A - Animate Dead          Necr           76%        N/A       1%          4
B - Blink                 Tloc           90%        N/A       1%          2
N - Anguish               Hex/Necr       31%        N/A       1%          4

Your spell library contained the following spells:

 Spells                   Type           Power      Damage    Failure   Level
 Necrotise                Necr           100%       1d9       0%          1
 Kiss of Death            Conj/Necr      100%       2d13      1%          1
 Summon Small Mammal      Summ           100%       N/A       1%          1
 Cigotuvi's Dreadful Rot  Necr/Alch/Air  100%       N/A       1%          2
 Ensorcelled Hibernation  Hex/Ice        60%        N/A       1%          2
 Fugue of the Fallen      Necr           76%        N/A       1%          3
 Dispel Undead            Necr           76%        3d25      1%          4
 Martyr's Knell           Necr/Summ      71%        N/A       1%          4
 Curse of Agony           Necr           76%        N/A       1%          5
 Freeze                   Ice            60%        1d7       3%          1
 Magic Dart               Conj           60%        1d6       3%          1
 Frozen Ramparts          Ice            30%        1d5       11%         3
 Hailstorm                Conj/Ice       15%        3d6       11%         3
 Leda's Liquefaction      Alch/Erth      7%         N/A       34%         4
 Petrify                  Alch/Erth      15%        N/A       34%         4
 Metabolic Englaciation   Hex/Ice        15%        N/A       34%         5


Dungeon Overview and Level Annotations

Branches:
Dungeon (12/15)            Temple (1/1) D:5            Lair (5/5) D:10
 Shoals (0/4) Lair:3       Spider (0/4) Lair:2        Slime (0/5) Lair:4
    Orc (0/2) D:9         Ossuary (visited)

Altars:
Ashenzari
Cheibriados
Dithmenos
Elyvilon
Fedhas
Gozag
Hepliaklqana
Kikubaaqudgha
Makhleb
Nemelex Xobeh
Okawaru
Qazlal
Ru
Sif Muna
Trog
Uskayaw
Vehumet
Wu Jian
Xom
Yredelemnul
Zin
The Shining One

Shops:
D:5 :   D:7 [   D:8 [   D:9 =

Annotations:
D:12 Gastronok
Lair:5 1 runed translucent door


Innate Abilities, Weirdness & Mutations

You have sharp claws.
You have razor-sharp teeth.
You have supernaturally acute eyesight. (SInv)
Your thick and shaggy fur keeps you warm. (AC +3, rC+)
Your paws help you pounce on unaware monsters.
You are incapable of wielding weapons or throwing items.
You cannot wear armour.
You gain extra lives every three experience levels.


Message History

You feel very sick.
Your blazeheart core explodes!
You hear a bellow!
You feel sick.
You feel sick.
You feel sick.
You feel sick.
The dream sheep ruffle their wool and motes of dream dust sparkle, to no effect.
There are monsters nearby!
Casting: Summon Blazeheart Golem (dangerous; 1% risk of failure)
Confirm with . or Enter, or press ? or * to list all spells.
An electric hum fills the air.
The death yak bellows!
You feel sick.
You feel sick.
The dream sheep ruffle their wool and motes of dream dust sparkle, to no effect.
Your lightning spire shoots out a bolt of lightning at the death yak!
The bolt of electricity hits the death yak!
The bolt of electricity hits the dream sheep! x2
Casting: Summon Lightning Spire (dangerous; 1% risk of failure)
Confirm with . or Enter, or press ? or * to list all spells.
A fiery spirit appears, bound in slag iron.
You feel sick.
The dream sheep shake their wool and sparkle.
You feel drowsy...
You fall asleep.
You feel sick.
You are no longer poisoned.
Your blazeheart golem's core grows cold and it stops moving.
Your lightning spire shoots out a bolt of lightning at the death yak!
The bolt of electricity hits the death yak!
The bolt of electricity hits the dream sheep!
The dream sheep dies!
Kikubaaqudgha accepts your kill.
The bolt of electricity hits the death yak!
The bolt of electricity hits your lightning spire.
Your lightning spire completely resists.
The death yak gores you!!!
Ouch! That really hurt!
You die...
Kikubaaqudgha rasps: You have failed me!
Welcome... death! #.#.....#..Z##.#.##......# ####.Y..#####.# #P...### #...##### ## ##... ##k.######## #PPP

####.#...#.##.# #..
##....÷#.......##
#..
#.#.##...#.#....#
##..##.÷..Y..9.I##
##..÷#.....#...Y@.#
....##.....#.#†...#
....##.....#####..##
...###.....#...#...#
...# #######...#...#
...# #####...#...#
...# ##...#.#.#..##
...## #....#......#
....###......÷...##


You could see a death yak (ally target), a dream sheep, a friendly lightning
spire (summoned) and a friendly blazeheart golem (summoned, paralysed).

Vanquished Creatures
  A dire elephant (Lair:5)
  The ghost of Agan the Black Belt, a journeyman MeSh (Lair:4)
  Harold (Lair:2)
  5 hydras
  2 boulder beetles
  A catoblepas (Lair:5)
  A two-headed ogre (D:7)
  5 death yaks
  2 skysharks
  A deep elf pyromancer (D:12)
  Maurice (D:7)
  An ugly thing (D:11)
  2 cyclopes (D:7)
  A manticore (D:12)
  3 black mambas
  2 elephants (Lair:5)
  3 cane toads
  A rime drake (Lair:5)
  2 komodo dragons
  2 polar bears (Lair:4)
  2 trolls
  3 dream sheep (Lair:5)
  3 slime creatures
  33 yaks
  A wraith (D:11)
  5 wyverns
  A basilisk (Lair:1)
  2 vampire mosquitoes (D:7)
  2 steam dragons (D:8)
  10 water moccasins
  3 acid dragons
  2 orc warriors
  A black bear (D:8)
  8 wolves
  A kobold brigand (D:10)
  3 bullfrogs
  4 wights (D:8)
  4 killer bees
  2 nameless horrors
  An electric eel (D:6)
  3 jellies
  2 orc priests
  A bullfrog skeleton (D:7)
  2 hounds
  An iguana (D:6)
  4 orc wizards
  A killer bee zombie (D:7)
  A mummy (Ossuary)
  2 howler monkey skeletons (D:7)
  An adder (D:6)
  A river rat (D:10)
  A white imp (D:8)
  2 ufetubi (D:6)
  13 orcs
  3 ball pythons
  A bat (D:2)
  3 endoplasms
  2 goblins
  A jackal (D:1)
  2 frilled lizards
  2 gnoll zombies (Ossuary)
  3 kobolds
  An orc zombie (Ossuary)
  A rat (D:2)
183 creatures vanquished.

Vanquished Creatures (collateral kills)
  2 catoblepae (Lair:5)
  Erica (D:11)
  A boulder beetle (D:12)
  4 death yaks
  An orb spider (Lair:2)
  A manticore (Lair:5)
  4 elephants (Lair:4)
  2 black mambas
  9 cane toads
  An unseen horror (D:11)
  3 rime drakes
  3 komodo dragons
  A troll (D:11)
  A polar bear (Lair:5)
  Grinder (D:3)
  13 blink frogs
  6 dream sheep (Lair:5)
  A hornet (D:9)
  Sigmund (D:3)
  2 slime creatures (Lair:4)
  A wraith (D:11)
  3 wyverns
  2 basilisks
  8 yaks
  4 fire bats (D:9)
  A fire elemental (D:9)
  A steam dragon (Lair:4)
  Eustachio (D:4)
  Menkaure (D:4)
  An acid dragon (D:12)
  6 water moccasins
  A hell hound (D:9)
  A sky beast (D:7)
  4 black bears
  3 orc warriors
  A centaur (D:9)
  An ogre (D:6)
  3 wolves
  A kobold brigand (D:7)
  A gnoll sergeant (D:9)
  10 bullfrogs
  2 scorpions
  3 wights (D:8)
  4 killer bees
  3 howler monkeys
  2 lava snakes (D:9)
  3 crimson imps (D:8)
  4 hounds (D:6)
  3 jellies
  3 bombardier beetles
  3 orc priests
  A sleepcap (D:5)
  A scorpion zombie (D:7)
  5 iguanas
  4 orc wizards
  A hell rat (D:10)
  A killer bee zombie (D:7)
  7 mummies (Ossuary)
  10 gnolls
  A howler monkey skeleton (D:7)
  5 adders
  A river rat (D:10)
  A shadow imp (D:6)
  5 white imps
  A dart slug (D:2)
  2 ribbon worms
  40 orcs
  4 ball pythons (D:1)
  6 endoplasms
  2 gnoll zombies (Ossuary)
  6 goblins
  4 hobgoblins
  20 jackals
  12 kobolds
  A quokka (D:1)
  5 bats
  A frilled lizard (D:1)
  3 orc zombies (Ossuary)
  5 rats
  3 butterflies
301 creatures vanquished.

Vanquished Creatures (others)
  Nessos (Lair:4)
  A hydra (Lair:5)
  3 death yaks (Lair:4)
  A manticore (Lair:5)
  2 cane toads (Lair:4)
  5 blink frogs
  3 dream sheep (Lair:5)
  A yak (Lair:3)
  2 basilisks (Lair:4)
  A water moccasin (Lair:2)
  A kobold brigand (D:9)
  An orc wizard (D:11)
  A hell rat (Lair:5)
  109 blazeheart cores
132 creatures vanquished.

Grand Total: 616 creatures vanquished

Notes
Turn   | Place    | Note
-------+----------+-------------------------------------------
     0 | D:1      | croobank the Felid Summoner began the quest for the Orb.
     0 | D:1      | Reached XP level 1. HP: 9/9 MP: 4/4
   152 | D:1      | Reached XP level 2. HP: 11/13 MP: 1/6
   156 | D:1      | Learned a level 2 spell: Call Imp
   333 | D:1      | Reached XP level 3. HP: 16/16 MP: 4/7
   337 | D:1      | Learned a level 3 spell: Call Canine Familiar
  1408 | D:1      | Reached XP level 4. HP: 21/21 MP: 6/8
  1408 | D:1      | Gained a life (2 lives remaining)
  1885 | D:2      | Found a faded altar of an unknown god.
  2311 | D:3      | Reached XP level 5. HP: 15/24 MP: 3/10
  2365 | D:3      | Noticed Grinder
  2399 | D:3      | Killed Grinder
  2400 | D:3      | Reached skill level 5 in Stealth
  2400 | D:3      | Reached skill level 5 in Summonings
  2400 | D:3      | Gained mutation: You are covered in thick fur. (AC +2)
                  | [Felid growth]
  2400 | D:3      | Reached XP level 6. HP: 11/28 MP: 2/12
  2855 | D:3      | Reached skill level 5 in Dodging
  3053 | D:3      | Noticed Sigmund
  3082 | D:3      | Killed Sigmund
  3083 | D:3      | Reached XP level 7. HP: 32/32 MP: 8/13
  3624 | D:4      | Noticed Menkaure
  3644 | D:4      | Killed Menkaure
  4036 | D:4      | Noticed Eustachio
  4060 | D:4      | Killed Eustachio
  4441 | D:5      | Entered Level 5 of the Dungeon
  4443 | D:5      | Found a staircase to the Ecumenical Temple.
  4463 | D:5      | Reached XP level 8. HP: 32/36 MP: 9/15
  4511 | D:5      | Found Yshren's Book Shoppe.
  4521 | D:5      | Killed from afar by an orc priest
  4521 | D:5      | Lost a life (1 life remaining)
  5072 | D:6      | Found a radiant altar of Vehumet.
  5095 | D:6      | Reached skill level 5 in Spellcasting
  5152 | D:6      | Learned a level 4 spell: Summon Blazeheart Golem
  5249 | D:6      | Reached skill level 1 in Fire Magic
  5263 | D:6      | Reached skill level 1 in Fighting
  5590 | D:6      | Killed from afar by an electric eel
  5590 | D:6      | Lost a life (0 lives remaining)
  6114 | D:7      | Reached XP level 9. HP: 42/42 MP: 15/18
  6114 | D:7      | Gained a life (1 life remaining)
  6127 | D:7      | Noticed a two-headed ogre
  6136 | D:7      | Killed a two-headed ogre
  6366 | D:7      | Found a sand-covered staircase.
  6391 | Ossuary  | Entered an ossuary
  6397 | Ossuary  | Learned a level 4 spell: Summon Lightning Spire
  6620 | D:7      | Noticed a boulder beetle
  6673 | D:7      | Reached skill level 1 in Air Magic
  6708 | D:7      | Found Ebuodibb's Antique Armour Emporium.
  6823 | D:7      | Noticed a cyclops
  6838 | D:7      | Identified the ring "Heysuacw" {rF++ rC+ Str+2 Int-5}
  6941 | D:7      | Noticed a cyclops
  6955 | D:7      | Killed a cyclops
  7012 | D:7      | Reached XP level 10. HP: 49/49 MP: 20/20
  7012 | D:7      | Gained a life (2 lives remaining)
  7100 | D:7      | Identified the amulet "Cemuink" {Faith rPois rN+ Str+3}
  7103 | D:7      | Identified the amulet "Xiluem" {Spirit rC+ rCorr}
  7110 | D:7      | Identified the amulet "Lousas" {Reflect Will+ SH+5}
  7503 | D:7      | Killed a boulder beetle
  7670 | D:8      | Reached skill level 10 in Stealth
  7764 | D:8      | Reached skill level 5 in Fire Magic
  7936 | D:8      | Found Egatzawn's Antique Armour Emporium.
 10108 | D:9      | Found a staircase to the Orcish Mines.
 10194 | D:9      | Reached skill level 5 in Fighting
 10194 | D:9      | Reached skill level 5 in Air Magic
 10194 | D:9      | Reached XP level 11. HP: 32/55 MP: 13/22
 10509 | D:7      | Noticed Maurice
 10529 | D:7      | Maurice stole a ring of protection from cold
 10542 | D:7      | Killed Maurice
 10543 | D:7      | Reached skill level 10 in Dodging
 10682 | Temple   | Entered the Ecumenical Temple
 10698 | Temple   | Became a worshipper of Kikubaaqudgha
 11173 | D:9      | Reached skill level 1 in Necromancy
 11931 | D:9      | Found a blossoming altar of Fedhas.
 11934 | D:9      | Found a stormy altar of Qazlal.
 12142 | D:9      | Reached * piety under Kikubaaqudgha
 12142 | D:9      | Received a gift from Kikubaaqudgha
 12156 | D:9      | Learned a level 4 spell: Animate Dead
 12159 | D:9      | Learned a level 2 spell: Blink
 12308 | D:9      | Found Tofi Xio's Jewellery Shoppe.
 12391 | D:9      | Bought a +6 ring of intelligence for 540 gold pieces
 12422 | D:10     | Entered Level 10 of the Dungeon
 12450 | D:10     | Noticed an eight-headed hydra
 12461 | D:10     | Killed an eight-headed hydra
 12462 | D:10     | Reached skill level 2 in Necromancy
 12462 | D:10     | Reached skill level 1 in Translocations
 12589 | D:10     | Noticed a death yak
 12600 | D:10     | Killed a death yak
 12723 | D:10     | Found a staircase to the Lair.
 13167 | D:10     | Reached ** piety under Kikubaaqudgha
 13401 | D:11     | Reached skill level 3 in Necromancy
 13435 | D:11     | Noticed a purple ugly thing
 13447 | D:11     | Killed a purple ugly thing
 13448 | D:11     | Gained mutation: Your thick and shaggy fur keeps you warm.
                  | (AC +3, rC+) [Felid growth]
 13448 | D:11     | Reached XP level 12. HP: 40/62 MP: 12/24
 13583 | D:11     | Noticed Erica
 13623 | D:11     | Killed Erica
 14696 | D:12     | Noticed Gastronok
 14719 | D:12     | Killed from afar by Gastronok
 14719 | D:12     | Lost a life (1 life remaining)
 14732 | D:12     | Noticed a boulder beetle
 14743 | D:12     | Reached skill level 5 in Translocations
 14756 | D:12     | Killed a boulder beetle
 14757 | D:12     | Reached skill level 4 in Necromancy
 14830 | D:12     | Noticed a boulder beetle
 14851 | D:12     | Slain by a white ugly thing
 14851 | D:12     | Lost a life (0 lives remaining)
 14920 | Lair:1   | Entered Level 1 of the Lair of Beasts
 14924 | Lair:1   | Noticed a five-headed hydra
 14932 | Lair:1   | Killed a five-headed hydra
 15236 | Lair:1   | Reached skill level 5 in Necromancy
 15571 | Lair:1   | Noticed a death yak
 15572 | Lair:1   | Noticed a death yak
 15572 | Lair:1   | Noticed a death yak
 15573 | Lair:1   | Noticed a death yak
 15573 | Lair:1   | Noticed a death yak
 15573 | Lair:1   | Noticed a death yak
 15580 | Lair:1   | Killed a death yak
 15581 | Lair:1   | Reached skill level 10 in Summonings
 15582 | Lair:1   | Killed a death yak
 15582 | Lair:1   | Reached *** piety under Kikubaaqudgha
 15582 | Lair:1   | Received a gift from Kikubaaqudgha
 15583 | Lair:1   | Killed a death yak
 15583 | Lair:1   | Killed a death yak
 15586 | Lair:1   | Killed a death yak
 15587 | Lair:1   | Killed a death yak
 15588 | Lair:1   | Reached skill level 6 in Necromancy
 15637 | Lair:1   | Learned a level 4 spell: Anguish
 15841 | Lair:2   | Noticed Harold
 15853 | Lair:2   | Killed Harold
 15854 | Lair:2   | Reached skill level 1 in Hexes
 15854 | Lair:2   | Reached XP level 13. HP: 21/69 MP: 7/27
 15854 | Lair:2   | Gained a life (1 life remaining)
 16073 | Lair:2   | Upgraded the game from 0.32-a0-306-gfed3edf829 to
                  | 0.32-a0-314-g526f7d4993
 16125 | Lair:2   | Found a hole to the Spider Nest.
 17372 | Lair:3   | Reached skill level 7 in Necromancy
 17800 | Lair:3   | Reached skill level 5 in Hexes
 17809 | Lair:3   | Reached **** piety under Kikubaaqudgha
 18153 | Lair:3   | Found a staircase to the Shoals.
 18176 | Lair:3   | Reached skill level 10 in Spellcasting
 18273 | Lair:3   | Reached skill level 8 in Necromancy
 18807 | Lair:4   | Reached skill level 10 in Fighting
 18824 | Lair:4   | Reached skill level 9 in Necromancy
 19244 | Lair:4   | Reached skill level 10 in Necromancy
 19519 | Lair:4   | Found a staircase to the Slime Pits.
 19750 | Lair:4   | Noticed Nessos
 19798 | Lair:4   | Killed Nessos
 19799 | Lair:4   | Reached XP level 14. HP: 77/77 MP: 20/29
 20226 | Lair:4   | Found a runed translucent gate.
 20226 | Lair:4   | Found a runed translucent gate.
 20226 | Lair:4   | Found a runed translucent gate.
 20227 | Lair:4   | Noticed Agan's ghost (journeyman MeSh)
 20263 | Lair:4   | Killed Agan's ghost
 20514 | Lair:5   | Entered Level 5 of the Lair of Beasts
 20815 | Lair:5   | Found a large runed translucent door.
 20837 | Lair:5   | Reached ***** piety under Kikubaaqudgha
 20838 | Lair:5   | Reached skill level 11 in Necromancy
 21674 | Lair:5   | Reached skill level 12 in Necromancy
 21695 | Lair:5   | Demolished by a catoblepas
 21695 | Lair:5   | Lost a life (0 lives remaining)
 22329 | Lair:5   | Reached skill level 13 in Necromancy
 22585 | Lair:5   | Mangled by a death yak

Illustrated notes

Levels and vault maps discovered:
D:1:      onia_arrival_pyramid, layout_loops_ring, serial_co_window_serial,
          co_window_corner_a, co_window_paths_b, co_window_paths_b,
          co_window_paths_b, co_window_corner_a, co_window_paths_a,
          co_window_corner_a, co_window_corner_b, co_window_paths_c,
          co_window_corner_b, glass_columns_b, glass_columns_a, glass_columns_c,
          glass_columns_c, serial_bayou_crossing
D:2:      layout_rooms, basic_ecumenical_altar
D:3:      layout_basic, minmay_door_square, uniq_sigmund, uniq_grinder
D:4:      layout_rooms, roderic_roman_lattice, uniq_menkaure, uniq_eustachio
D:5:      layout_rooms, minmay_temple_entry_arrows, serial_shops, shop
D:6:      layout_loops_ring, mainiacjoe_overflow_paths, serial_bayou_ford_a,
          minmay_splitting_lines
D:7:      minmay_the_grid_triangle_9x9_recursive_2
          [minmay_the_grid_triangle_9x9_prize_special,
          minmay_the_grid_triangle_9x9_checkered,
          minmay_the_grid_triangle_9x9_limited_checkers,
          minmay_the_grid_triangle_9x9_zippers_vertical], layout_basic,
          serial_shops, shop, mainiacjoe_ossuary_entry_find_the_door,
          serial_bayou_pond_d, dk_vineyard_3, uniq_maurice
D:8:      layout_basic, serial_shops, nicolae_stop_n_shop_2, nrook_mini_vaults,
          minmay_fire_ice_demons
D:9:      nicolae_BIG_FREAKIN_CUBE, layout_irregular_city,
          grunt_temple_overflow_forces_of_nature, hiddenorc2_lemuel,
          serial_shops, shop_statue, hangedman_incinerator
D:10:     layout_rooms, dpeg_lair_monsters, minivault_23,
          kennysheep_generic_room_2
D:11:     layout_loops_ring, uniq_erica
D:12:     layout_basic, lemuel_flamethrower_2, uniq_gastronok
Temple:   compressed_dpeg_triangle_lava_temple
Lair:1:   layout_gridlike, beast_lair_carwin_3, lemuel_fruit_tree,
          serial_bayou_shore_b, grunt_megastairs_1
Lair:2:   layout_chaotic_city, nicolae_spider_entry_orb_guardian,
          lemuel_fruit_fields, infiniplex_staircase_pool_2, uniq_harold
Lair:3:   layout_cave_shapes, shoals_dummy_entry, grunt_megastairs_3,
          lemuel_fruit_fields
Lair:4:   layout_regular_city, minmay_slime_entry_pillars,
          ebering_ghost_rock_garden, grunt_megastairs_5,
          infiniplex_staircase_pool, uniq_nessos
Lair:5:   guppyfry_lair_end_dragon, layout_concentric_octagons,
          hangedman_lair_in_review, ebering_ghost_disaster_area,
          chequers_serial_rivers_micro_c, minmay_hedge_maze

Skill      XL: |  1  2  3  4  5  6  7  8  9 10 11 12 13 14 |
---------------+-------------------------------------------+-----
Stealth        | 3 4 5 7 8 9 10 | 10.0
Dodging        | 3 4 5 6 7 8 9 10 | 10.0
Spellcasting   | 3 4 5 6 7 9 10 | 10.0
Summonings     | 5 6 7 8 9 10 | 10.0
Fire Magic     | 2 4 5 |  5.4
Fighting       | 1 3 5 6 8 10 | 10.0
Air Magic      | 2 5 7 |  7.0
Necromancy     | 3 6 10 13 | 13.3
Translocations | 3 5 |  5.0
Hexes          | 1 5 |  5.0

Action                     |  1- 3 |  4- 6 |  7- 9 | 10-12 | 13-15 || total
---------------------------+-------+-------+-------+-------+-------++-------
  Melee: Unarmed           |    16 |    25 |    91 |   171 |    54 ||   357
         Bite              |     1 |     3 |    10 |    23 |    13 ||    50
         Punch             |       |     1 |     1 |     2 |     2 ||     6
   Cast: Summon Small Mamm |    33 |    19 |    38 |    26 |       ||   116
         Call Imp          |    12 |    11 |    30 |    23 |    14 ||    90
         Call Canine Famil |     3 |    10 |    19 |    25 |    17 ||    74
         Summon Blazeheart |       |       |    18 |    81 |    65 ||   164
         Summon Lightning  |       |       |     3 |    24 |    10 ||    37
         Animate Dead      |       |       |       |     5 |    16 ||    21
         Anguish           |       |       |       |     2 |    55 ||    57
         Blink             |       |       |       |     1 |     7 ||     8
  Evoke: Wand              |       |       |       |     3 |    12 ||    15
    Use: Scroll            |       |     2 |    10 |     9 |    14 ||    35
         Potion            |       |     1 |     2 |     2 |     7 ||    12
   Stab: Sleeping          |     1 |     5 |    10 |     1 |     3 ||    20
         Paralysed         |       |       |       |     3 |       ||     3
         Distracted        |       |       |       |     4 |     1 ||     5
         Invisible         |       |       |       |       |     1 ||     1
 Armour: Skin              |     9 |     7 |    28 |    77 |    74 ||   195
  Dodge: Dodged            |    17 |    10 |   111 |   274 |   167 ||   579
  Block: Other             |     1 |     3 |    19 |    57 |    38 ||   118
         Reflection        |       |       |       |     6 |       ||     6

Table legend: (Time is in decaauts)
 A = Elapsed time spent in this place.
 B = Non-inter-level travel time spent in this place.
 C = Inter-level travel time spent in this place.
 D = Time resting spent in this place.
 E = Time spent auto-exploring this place.
 F = Levels seen in this place.
 G = Mean time per level.
                   A        B        C        D        E       F      G
               +--------+--------+--------+--------+--------+-----+--------+
         Total |  22580 |  21731 |    849 |   4745 |  10898 |  19 | 1188.4 |
       Dungeon |  14673 |  13976 |    697 |   2440 |   7658 |  12 | 1222.8 |
        Temple |     32 |     16 |     16 |      0 |      0 |   1 |   32.0 |
          Lair |   7653 |   7518 |    135 |   2299 |   3146 |   5 | 1530.6 |
       Ossuary |    220 |    220 |      0 |      6 |     94 |   1 |  220.0 |
               +--------+--------+--------+--------+--------+-----+--------+

Top non-repeatable levels by time:
     D:8: 2242 daAuts
     D:9: 2048 daAuts
  Lair:5: 1786 daAuts
  Lair:4: 1784 daAuts
  Lair:3: 1716 daAuts
     D:1: 1536 daAuts
     D:7: 1513 daAuts
  Lair:2: 1460 daAuts
     D:6: 1309 daAuts
     D:3: 1298 daAuts
    D:11: 1228 daAuts
     D:4: 928 daAuts
  Lair:1: 906 daAuts
    D:10: 853 daAuts
     D:2: 682 daAuts
